NWL (28 & UNDER)
BALZAC RAMS @ MOOSE JAW GHOSTBUSTERS
04/30/2027
 
TOP OF THE 1ST
Balzac Rams batting - Pitching for Moose Jaw Ghostbusters : LHP Martin White
Pitching: LHP Martin White
Batting: RHB Luis Suárez 0-0: Foul Ball, location: 2F
0-1: Called Strike
0-2: Strikes out swinging
Batting: RHB Brian Parks 0-0: Swinging Strike
0-1: Ball
1-1: Ball
2-1: Fly out, F8 (Flyball, 8RS)
Batting: RHB James Tucker 0-0: Ball
1-0: Ball
2-0: Ground out 6-3 (Groundball, 6)
Top of the 1st over - 0 run(s), 0 hit(s), 0 error(s), 0 left on base; Balzac 0 - Moose Jaw 0
BOTTOM OF THE 1ST
Moose Jaw Ghostbusters batting - Pitching for Balzac Rams : LHP Juan Jiménez
Pitching: LHP Juan Jiménez
Batting: RHB George Reeves 0-0: Ball
1-0: Ball
2-0: Ball
3-0: Called Strike
3-1: SINGLE (Groundball, 6MD)
Batting: RHB Manuel Pérez 0-0: Called Strike
George Reeves steals 2nd base
0-1: Ball
1-1: Ball
2-1: Fly out, F4 (Line Drive, 4)
Batting: RHB David Hernández 0-0: SINGLE (Groundball, 56D)
George Reeves to third
Runner from 3rd tries for Home, SAFE, no throw
Batting: LHB Dave Stewart 0-0: Ball
1-0: Fly out, F8 (Flyball, 8RM)
Batting: RHB Luis Miguel Sánchez 0-0: Ground out 5-3 (Groundball, 56S)
Bottom of the 1st over - 1 run(s), 2 hit(s), 0 error(s), 1 left on base; Balzac 0 - Moose Jaw 1
TOP OF THE 2ND
Balzac Rams batting - Pitching for Moose Jaw Ghostbusters : LHP Martin White
Batting: RHB Jeff Stevenson 0-0: Called Strike
0-1: Ball
1-1: Ball
2-1: Foul Ball, location: 2F
2-2: Ball
3-2: Base on Balls
Batting: LHB Fernando Cruz 0-0: Ball
1-0: Called Strike
1-1: SINGLE (Groundball, 4MD)
Jeff Stevenson to second
Batting: RHB Félix Quintero 0-0: Ball
1-0: Called Strike
1-1: Grounds into double play, 3-6-3 (Groundball, 34)
Jeff Stevenson to third
Batting: LHB Daniel Carter 0-0: Ball
1-0: Ball
2-0: Called Strike
2-1: Called Strike
2-2: Foul Ball, location: 2F
2-2: Foul Ball, location: 2F
2-2: Ball
3-2: Strikes out swinging
Top of the 2nd over - 0 run(s), 1 hit(s), 0 error(s), 1 left on base; Balzac 0 - Moose Jaw 1
BOTTOM OF THE 2ND
Moose Jaw Ghostbusters batting - Pitching for Balzac Rams : LHP Juan Jiménez
Batting: RHB Juan Vázquez 0-0: Called Strike
0-1: Swinging Strike
0-2: Ball
1-2: Ball
2-2: Ball
3-2: Strikes out swinging
Batting: RHB Paco Hernández 0-0: Called Strike
0-1: Called Strike
0-2: Strikes out swinging
Batting: RHB Robert Carter 0-0: Called Strike
0-1: Ball
1-1: Foul Ball, location: 2F
1-2: Ball
2-2: Strikes out looking
Bottom of the 2nd over - 0 run(s), 0 hit(s), 0 error(s), 0 left on base; Balzac 0 - Moose Jaw 1
TOP OF THE 3RD
Balzac Rams batting - Pitching for Moose Jaw Ghostbusters : LHP Martin White
Batting: RHB Octávio Aldeguer 0-0: Ground out 3-1 (Groundball, 34)
Batting: RHB Enrique Castillo 0-0: Fly out, F8 (Flyball, 8RM)
Batting: RHB Luis Suárez 0-0: Ball
1-0: Swinging Strike
1-1: Fly out, F9 (Flyball, 89S)
Top of the 3rd over - 0 run(s), 0 hit(s), 0 error(s), 0 left on base; Balzac 0 - Moose Jaw 1
BOTTOM OF THE 3RD
Moose Jaw Ghostbusters batting - Pitching for Balzac Rams : LHP Juan Jiménez
Batting: RHB Dan Hooper 0-0: Ball
1-0: Fly out, F8 (Flyball, 89M)
Batting: RHB George Reeves 0-0: Ground out 4-3 (Groundball, 4)
Batting: RHB Manuel Pérez 0-0: Ground out 6-3 (Groundball, 6)
Bottom of the 3rd over - 0 run(s), 0 hit(s), 0 error(s), 0 left on base; Balzac 0 - Moose Jaw 1
TOP OF THE 4TH
Balzac Rams batting - Pitching for Moose Jaw Ghostbusters : LHP Martin White
Batting: RHB Brian Parks 0-0: SINGLE (Line Drive, 4M)
Batting: RHB James Tucker 0-0: Ball
1-0: Foul Ball, location: 2F
1-1: Ball
2-1: Foul Ball, location: 2F
2-2: Strikes out swinging
Batting: RHB Jeff Stevenson 0-0: Ball
1-0: Swinging Strike
1-1: Grounds into double play, 5-4-3 (Groundball, 5L)
Top of the 4th over - 0 run(s), 1 hit(s), 0 error(s), 0 left on base; Balzac 0 - Moose Jaw 1
BOTTOM OF THE 4TH
Moose Jaw Ghostbusters batting - Pitching for Balzac Rams : LHP Juan Jiménez
Batting: RHB David Hernández 0-0: Ball
1-0: Fly out, F7 (Line Drive, 7)
Batting: LHB Dave Stewart 0-0: Foul Ball, location: 2F
0-1: Ball
1-1: Foul Ball, location: 2F
1-2: Ground out 6-3 (Groundball, 6)
Batting: RHB Luis Miguel Sánchez 0-0: Ground out 6-3 (Groundball, 6S)
Bottom of the 4th over - 0 run(s), 0 hit(s), 0 error(s), 0 left on base; Balzac 0 - Moose Jaw 1
TOP OF THE 5TH
Balzac Rams batting - Pitching for Moose Jaw Ghostbusters : LHP Martin White
Batting: LHB Fernando Cruz 0-0: Ball
1-0: Ball
2-0: Ground out 4-3 (Groundball, 4D)
Batting: RHB Félix Quintero 0-0: Ball
1-0: Foul Ball, location: 2F
1-1: Swinging Strike
1-2: Strikes out swinging
Batting: LHB Daniel Carter 0-0: Ball
1-0: Ball
2-0: Ground out 4-3 (Groundball, 4)
Top of the 5th over - 0 run(s), 0 hit(s), 0 error(s), 0 left on base; Balzac 0 - Moose Jaw 1
BOTTOM OF THE 5TH
Moose Jaw Ghostbusters batting - Pitching for Balzac Rams : LHP Juan Jiménez
Batting: RHB Juan Vázquez 0-0: Fly out, F8 (Flyball, 8RS)
Batting: RHB Paco Hernández 0-0: SINGLE (Groundball, 6MD)
Batting: RHB Robert Carter 0-0: Ball
1-0: Ball
2-0: Called Strike
2-1: Ball
3-1: Called Strike
3-2: Foul Ball, location: 2F
3-2: Fly out, F7 (Flyball, 7S)
Batting: RHB Dan Hooper 0-0: SINGLE (Line Drive, 6D)
Paco Hernández to second
Batting: RHB George Reeves 0-0: Fly out, F9 (Flyball, 89M)
Bottom of the 5th over - 0 run(s), 2 hit(s), 0 error(s), 2 left on base; Balzac 0 - Moose Jaw 1
TOP OF THE 6TH
Balzac Rams batting - Pitching for Moose Jaw Ghostbusters : LHP Martin White
Batting: RHB Octávio Aldeguer 0-0: Ball
1-0: Called Strike
1-1: Foul Ball, location: 2F
1-2: Strikes out swinging
Batting: RHB Enrique Castillo 0-0: DOUBLE (Line Drive, 9LM)
Batting: RHB Luis Suárez 0-0: Ball
1-0: Fly out, F9 (Flyball, 9S)
Batting: RHB Brian Parks 0-0: SINGLE (Groundball, 34D)
Enrique Castillo to third
Runner from 3rd tries for Home, SAFE, no throw
Batting: RHB James Tucker 0-0: Ground out 1-3 (Groundball, 13S)
Top of the 6th over - 1 run(s), 2 hit(s), 0 error(s), 1 left on base; Balzac 1 - Moose Jaw 1
BOTTOM OF THE 6TH
Moose Jaw Ghostbusters batting - Pitching for Balzac Rams : LHP Juan Jiménez
Batting: RHB Manuel Pérez 0-0: Swinging Strike
0-1: Ball
1-1: Ball
2-1: Ball
3-1: Ground out 6-3 (Groundball, 6)
Batting: RHB David Hernández 0-0: Called Strike
0-1: Ball
1-1: Called Strike
1-2: Ground out 5-3 (Groundball, 5L)
Batting: LHB Dave Stewart 0-0: Called Strike
0-1: Foul Ball, location: 2F
0-2: Ball
1-2: Strikes out swinging
Bottom of the 6th over - 0 run(s), 0 hit(s), 0 error(s), 0 left on base; Balzac 1 - Moose Jaw 1
TOP OF THE 7TH
Balzac Rams batting - Pitching for Moose Jaw Ghostbusters : LHP Martin White
Batting: RHB Jeff Stevenson 0-0: Ground out 4-3 (Groundball, 4M)
Batting: LHB Fernando Cruz 0-0: Foul Ball, location: 2F
0-1: Ball
1-1: Fly out, F8 (Flyball, 8LD)
Batting: RHB Félix Quintero 0-0: Foul Ball, location: 2F
0-1: Foul Ball, location: 2F
0-2: Foul Ball, location: 2F
0-2: Ball
1-2: Foul Ball, location: 2F
1-2: SINGLE (Groundball, 6D)
Batting: LHB Daniel Carter 0-0: DOUBLE (Line Drive, 7LM)
Félix Quintero to third
Batting: RHB Octávio Aldeguer 0-0: Ball
1-0: Ground out 4-3 (Groundball, 34)
Top of the 7th over - 0 run(s), 2 hit(s), 0 error(s), 2 left on base; Balzac 1 - Moose Jaw 1
BOTTOM OF THE 7TH
Moose Jaw Ghostbusters batting - Pitching for Balzac Rams : LHP Juan Jiménez
Batting: RHB Luis Miguel Sánchez 0-0: Called Strike
0-1: Fly out, F4 (Line Drive, 4M)
Batting: RHB Juan Vázquez 0-0: Ball
1-0: Called Strike
1-1: Fly out, F7 (Flyball, 78D)
Batting: RHB Paco Hernández 0-0: Ball
1-0: Ball
2-0: Ball
3-0: Called Strike
3-1: Base on Balls
Pinch Hitting: RHB John Major 0-0: Ball
1-0: Ball
2-0: Swinging Strike
2-1: Ball
3-1: Swinging Strike
3-2: Ground out 6-3 (Groundball, 6)
Bottom of the 7th over - 0 run(s), 0 hit(s), 0 error(s), 1 left on base; Balzac 1 - Moose Jaw 1
TOP OF THE 8TH
Balzac Rams batting - Pitching for Moose Jaw Ghostbusters : LHP Martin White
Now at 3B: Nicholas Harris
Batting: RHB Enrique Castillo 0-0: Ground out 4-3 (Groundball, 4D)
Batting: RHB Luis Suárez 0-0: Ball
1-0: Swinging Strike
1-1: Foul Ball, location: 2F
1-2: Ground out 4-3 (Groundball, 4)
Batting: RHB Brian Parks 0-0: Ball
1-0: Fly out, F6 (Line Drive, 6)
Top of the 8th over - 0 run(s), 0 hit(s), 0 error(s), 0 left on base; Balzac 1 - Moose Jaw 1
BOTTOM OF THE 8TH
Moose Jaw Ghostbusters batting - Pitching for Balzac Rams : LHP Juan Jiménez
Batting: RHB Dan Hooper 0-0: Foul Ball, location: 2F
0-1: Ground out 6-3 (Groundball, 6)
Batting: RHB George Reeves 0-0: SINGLE (Groundball, 56D)
Batting: RHB Manuel Pérez 0-0: Ball
George Reeves steals 2nd base
1-0: Fly out, F9 (Flyball, 9LSF)
Batting: RHB David Hernández 0-0: Swinging Strike
0-1: Ball
1-1: Ball
2-1: Foul Ball, location: 2F
2-2: Ball
3-2: Base on Balls
Pinch Hitting: RHB Shawn Bane 0-0: Called Strike
0-1: Ball
1-1: Ball
2-1: Ball
3-1: Swinging Strike
3-2: Strikes out looking
Bottom of the 8th over - 0 run(s), 1 hit(s), 0 error(s), 2 left on base; Balzac 1 - Moose Jaw 1
TOP OF THE 9TH
Balzac Rams batting - Pitching for Moose Jaw Ghostbusters : LHP Martin White
Pitching: RHP Bennett Greer
Now in CF: John Christopher
Batting: RHB James Tucker 0-0: Called Strike
0-1: Foul Ball, location: 2F
0-2: DOUBLE (Line Drive, 7LS)
Batting: RHB Jeff Stevenson 0-0: Ball
1-0: Ball
2-0: Ball
3-0: Base on Balls
Batting: LHB Fernando Cruz 0-0: Ball
1-0: Foul Ball, location: 2F
1-1: SINGLE (Line Drive, 34)
James Tucker to third
Jeff Stevenson to second
Batting: RHB Félix Quintero 0-0: Ball
1-0: Foul Ball, location: 2F
1-1: Ball
2-1: Swinging Strike
2-2: Foul Ball, location: 2F
2-2: Ball
3-2: Grounds into double play, 4-2-3 (Groundball, 4)
Jeff Stevenson to third
Fernando Cruz to second
Batting: LHB Daniel Carter 0-0: Ball
1-0: SINGLE (Groundball, 34) (infield hit)
Jeff Stevenson scores
Fernando Cruz to third
Batting: RHB Octávio Aldeguer 0-0: Called Strike
0-1: Called Strike
Daniel Carter is caught stealing 2nd base
Top of the 9th over - 1 run(s), 3 hit(s), 0 error(s), 0 left on base; Balzac 2 - Moose Jaw 1
BOTTOM OF THE 9TH
Moose Jaw Ghostbusters batting - Pitching for Balzac Rams : LHP Juan Jiménez
Pitching: RHP John Dickson
Batting: RHB Luis Miguel Sánchez 0-0: Called Strike
0-1: Swinging Strike
0-2: Ball
1-2: Strikes out swinging
Batting: RHB Juan Vázquez 0-0: Called Strike
0-1: Ball
1-1: DOUBLE (Flyball, 89XD)
Batting: RHB Paco Hernández 0-0: Ball
1-0: Called Strike
1-1: Ball
2-1: Ball
3-1: Base on Balls
Pinch Hitting: RHB Kurt Hart 0-0: Ball
1-0: Ball
2-0: Called Strike
2-1: Ball
3-1: SINGLE (Line Drive, 6MD)
Juan Vázquez to third
Paco Hernández to second
Runner from 3rd tries for Home, SAFE, no throw
Batting: RHB Dan Hooper 0-0: Called Strike
0-1: Foul Ball, location: 2F
0-2: Ball
1-2: Foul Ball, location: 2F
1-2: Ball
2-2: Foul Ball, location: 2F
2-2: Strikes out swinging
Batting: RHB George Reeves 0-0: Called Strike
0-1: Swinging Strike
0-2: Ball
1-2: Foul Ball, location: 2F
1-2: Foul Ball, location: 2F
1-2: Foul Ball, location: 2F
1-2: Ball
2-2: Ball
3-2: Foul Ball, location: 2F
3-2: Base on Balls
Paco Hernández to third
Kurt Hart to second
Batting: RHB Manuel Pérez 0-0: Ball
1-0: Called Strike
1-1: Swinging Strike
1-2: Strikes out looking
Bottom of the 9th over - 1 run(s), 2 hit(s), 0 error(s), 3 left on base; Balzac 2 - Moose Jaw 2
TOP OF THE 10TH
Balzac Rams batting - Pitching for Moose Jaw Ghostbusters : RHP Bennett Greer
Now at 3B: Aaron Murray
Batting: RHB Octávio Aldeguer 0-0: Foul Ball, location: 2F
0-1: Ball
1-1: Ground out 4-3 (Groundball, 4)
Batting: RHB Enrique Castillo 0-0: Called Strike
0-1: Called Strike
0-2: DOUBLE (Line Drive, 7LD)
Batting: RHB Luis Suárez 0-0: Swinging Strike
0-1: Swinging Strike
0-2: Foul Ball, location: 2F
0-2: Ball
1-2: Strikes out swinging, 2-3 out at first.
Batting: RHB Brian Parks 0-0: Ball
1-0: Called Strike
1-1: Fly out, F7 (Line Drive, 78M)
Top of the 10th over - 0 run(s), 1 hit(s), 0 error(s), 1 left on base; Balzac 2 - Moose Jaw 2
BOTTOM OF THE 10TH
Moose Jaw Ghostbusters batting - Pitching for Balzac Rams : RHP John Dickson
Batting: RHB David Hernández 0-0: Ground out 4-3 (Groundball, 4)
Batting: LHB John Christopher 0-0: Ball
1-0: Foul Ball, location: 2F
1-1: Swinging Strike
1-2: Strikes out swinging
Batting: RHB Luis Miguel Sánchez 0-0: Called Strike
0-1: Ball
1-1: Called Strike
1-2: Foul Ball, location: 2F
1-2: Ball
2-2: Foul Ball, location: 2F
2-2: Foul Ball, location: 2F
2-2: Ball
3-2: Foul Ball, location: 2F
3-2: Foul Ball, location: 2F
3-2: Foul Ball, location: 2F
3-2: Base on Balls
Pitching: RHP David Elías
Batting: RHB Juan Vázquez 0-0: Called Strike
0-1: Ball
1-1: Called Strike
1-2: Ball
2-2: Foul Ball, location: 2F
2-2: Fielders Choice at 2nd, 5-4 (Groundball, 56)
Bottom of the 10th over - 0 run(s), 0 hit(s), 0 error(s), 0 left on base; Balzac 2 - Moose Jaw 2
TOP OF THE 11TH
Balzac Rams batting - Pitching for Moose Jaw Ghostbusters : RHP Bennett Greer
Pitching: RHP Whit Johnson
Batting: RHB James Tucker 0-0: Ground out 6-3 (Groundball, 6)
Batting: RHB Jeff Stevenson 0-0: Ball
1-0: Called Strike
1-1: Ball
2-1: Ground out 6-3 (Groundball, 56)
Batting: LHB Fernando Cruz 0-0: Foul Ball, location: 2F
0-1: Ball
1-1: Swinging Strike
1-2: Strikes out looking
Top of the 11th over - 0 run(s), 0 hit(s), 0 error(s), 0 left on base; Balzac 2 - Moose Jaw 2
BOTTOM OF THE 11TH
Moose Jaw Ghostbusters batting - Pitching for Balzac Rams : RHP David Elías
Batting: RHB Paco Hernández 0-0: Called Strike
0-1: Ball
1-1: Called Strike
1-2: Ball
2-2: Ground out 6-3 (Groundball, 6)
Batting: RHB Aaron Murray 0-0: Ball
1-0: Ground out 6-3 (Groundball, 6)
Batting: RHB Dan Hooper 0-0: Called Strike
0-1: Ball
1-1: Ball
2-1: Fly out, F8 (Flyball, 8RM)
Bottom of the 11th over - 0 run(s), 0 hit(s), 0 error(s), 0 left on base; Balzac 2 - Moose Jaw 2
TOP OF THE 12TH
Balzac Rams batting - Pitching for Moose Jaw Ghostbusters : RHP Whit Johnson
Batting: RHB Félix Quintero 0-0: Ball
1-0: Ball
2-0: Foul Ball, location: 2F
2-1: Ball
3-1: Base on Balls
Batting: LHB Daniel Carter 0-0: Ball
1-0: Ball
2-0: Ball
3-0: Called Strike
3-1: Base on Balls
Félix Quintero to second
Batting: RHB Octávio Aldeguer 0-0: Bunt - Flyout! F2
Batting: RHB Enrique Castillo 0-0: Called Strike
0-1: Grounds into double play, 4-6-3 (Groundball, 4)
Top of the 12th over - 0 run(s), 0 hit(s), 0 error(s), 1 left on base; Balzac 2 - Moose Jaw 2
BOTTOM OF THE 12TH
Moose Jaw Ghostbusters batting - Pitching for Balzac Rams : RHP David Elías
Batting: RHB George Reeves 0-0: Called Strike
0-1: Swinging Strike
0-2: Strikes out looking
Batting: RHB Manuel Pérez 0-0: Swinging Strike
0-1: Ball
1-1: Foul Ball, location: 2F
1-2: Fly out, F9 (Line Drive, 9S)
Batting: RHB David Hernández 0-0: Ball
1-0: Ball
2-0: Ball
3-0: Base on Balls
Batting: LHB John Christopher 0-0: Foul Ball, location: 2F
0-1: SINGLE (Groundball, 3) (infield hit)
David Hernández to second
Batting: RHB Luis Miguel Sánchez 0-0: Ball
1-0: Foul Ball, location: 2F
1-1: Foul Ball, location: 2F
1-2: Foul Ball, location: 2F
1-2: Foul Ball, location: 2F
1-2: Strikes out swinging
Bottom of the 12th over - 0 run(s), 1 hit(s), 0 error(s), 2 left on base; Balzac 2 - Moose Jaw 2
TOP OF THE 13TH
Balzac Rams batting - Pitching for Moose Jaw Ghostbusters : RHP Whit Johnson
Batting: RHB Luis Suárez 0-0: Called Strike
0-1: Fly out, F9 (Flyball, 9LM)
Batting: RHB Brian Parks 0-0: Called Strike
0-1: Foul Ball, location: 2F
0-2: Reached on error, E5 (Groundball, 56)
Batting: RHB James Tucker 0-0: Ball
1-0: Ball
2-0: Foul Ball, location: 2F
2-1: 2-RUN HOME RUN (Flyball, 7D), Distance : 366 ft
Batting: RHB Jeff Stevenson 0-0: Ball
1-0: Called Strike
1-1: Foul Ball, location: 2F
1-2: Foul Ball, location: 2F
1-2: Strikes out swinging
Batting: LHB Fernando Cruz 0-0: Called Strike
0-1: Ball
1-1: Ball
2-1: Called Strike
2-2: Strikes out swinging
Top of the 13th over - 2 run(s), 1 hit(s), 1 error(s), 0 left on base; Balzac 4 - Moose Jaw 2
BOTTOM OF THE 13TH
Moose Jaw Ghostbusters batting - Pitching for Balzac Rams : RHP David Elías
Batting: RHB Juan Vázquez 0-0: Ball
1-0: Ball
2-0: Foul Ball, location: 2F
2-1: Ball
3-1: Base on Balls
Batting: RHB Paco Hernández 0-0: Grounds into double play, 4-6-3 (Groundball, 4)
Batting: RHB Aaron Murray 0-0: Ball
1-0: Ball
2-0: Ball
3-0: Base on Balls
Batting: RHB Dan Hooper 0-0: Ball
1-0: Foul Ball, location: 2F
1-1: Fly out, F9 (Flyball, 89S)
Bottom of the 13th over - 0 run(s), 0 hit(s), 0 error(s), 1 left on base; Balzac 4 - Moose Jaw 2
Thursday, March 30th, 2017 - OOTP Baseball 17.12 Build 75